 Dungeon Crawl Stone Soup version 0.24.0-13-gcf9b319 (webtiles) character file.

Game seed: 17975081874294375735, levelgen mode: deterministic

2946 Bronimir the Ogre Mage (level 9, -7/127 HPs)
             Began as an Ogre Fire Elementalist on Apr 24, 2020.
             Was an Initiate of Vehumet.
             Mangled by a gnoll
             ... wielding a +0 halberd
              (9 damage)
             ... on level 7 of the Dungeon on Apr 25, 2020.
             The game lasted 00:18:32 (8456 turns).

Bronimir the Ogre Mage (Ogre Fire Elementalist)     Turns: 8456, Time: 00:18:32

Health: -7/127     AC:  6    Str: 24    XL:     9   Next: 80%
Magic:  2/18       EV: 11    Int: 18    God:    Vehumet [......]
Gold:   338        SH:  0    Dex:  9    Spells: 10/20 levels left

rFire    . . .     SeeInvis .   a - +0 scythe
rCold    . . .     Gourm    .   (shield currently unavailable)
rNeg     + . .     Faith    .   F - +2 robe "Winahud" {rN+ Str+2 Int+2}
rPois    .         Spirit   .   (helmet restricted)
rElec    .         Reflect  .   d - +0 cloak
rCorr    .         Harm     .   (gloves unavailable)
MR       +....                  (boots unavailable)
Stlth    ..........             (no amulet)
HPRegen  0.31/turn              t - ring of protection from magic
MPRegen  0.16/turn              I - ring of flight

@: berserking, marked, very quick
A: large, unfitting armour, tough skin 1
a: Renounce Religion, Evoke Flight


You were on level 7 of the Dungeon.
You worshipped Vehumet.
Vehumet was noncommittal.
You were very hungry.

You visited 2 branches of the dungeon, and saw 8 of its levels.
You also visited: Sewer.

You collected 338 gold pieces.

Inventory:

Hand Weapons
 a - a +0 scythe (weapon)
 e - a +0 short sword
 i - a +0 club
 l - a +0 spear
 N - a +0 shortbow
Missiles
 g - 88 bolts
 h - 148 stones
 j - 145 arrows
 P - 8 boomerangs (quivered)
Armour
 d - a +0 cloak (worn)
 f - a +0 robe
 y - a +0 shield
 E - a +0 shield
 F - the +2 robe "Winahud" (worn) {rN+ Str+2 Int+2}
   (You found it on level 4 of the Dungeon)

   It affects your strength (+2).
   It affects your intelligence (+2).
   It protects you from negative energy.
Jewellery
 t - a ring of protection from magic (left hand)
 I - a ring of flight (right hand)
 K - an uncursed ring of fire {unknown}
Wands
 k - a wand of flame (9)
 x - a wand of disintegration (20)
Scrolls
 n - 3 scrolls of remove curse {unknown}
 p - 2 scrolls of enchant armour {unknown}
 q - 2 scrolls of teleportation {unknown}
 u - 5 scrolls of amnesia {unknown}
 v - 5 scrolls of identify {unknown}
 w - 2 scrolls of immolation {unknown}
 D - 2 scrolls of enchant weapon {unknown}
 G - a scroll of fear {unknown}
 M - 2 scrolls of blinking {unknown}
 O - 2 scrolls of fog {unknown}
 R - a scroll of magic mapping {unknown}
Potions
 b - a potion of mutation {unknown}
 m - 6 potions of curing
 o - a potion of heal wounds {unknown}
 s - 5 potions of brilliance {unknown}
 z - 2 potions of flight {unknown}
 A - 2 potions of invisibility {unknown}
 B - a potion of agility {unknown}
 C - a potion of lignification {unknown}
 H - a potion of degeneration {unknown}
 J - a potion of ambrosia {unknown}
 L - 2 potions of haste {unknown}
Comestibles
 c - 15 rations


   Skills:
 + Level 4.4 Fighting
 + Level 0.1 Short Blades
 * Level 5.7 Polearms
 + Level 1.1 Throwing
 * Level 4.7 Dodging
 - Level 1.4 Stealth
 * Level 3.1 Shields
 * Level 6.2 Spellcasting
 * Level 4.4 Conjurations
 * Level 6.0 Fire Magic


You had 10 spell levels left.
You knew the following spells:

 Your Spells              Type           Power        Failure   Level  Hunger
a - Flame Tongue          Conj/Fire      ###..        1%          1    None
b - Throw Flame           Conj/Fire      ###...       1%          2    None
c - Conjure Flame         Conj/Fire      ###.....     4%          3    ##.....
d - Sticky Flame          Conj/Fire      ###.....     14%         4    ####...

Your spell library contained the following spells:

 Spells                   Type           Power        Failure   Level  Hunger
 Inner Flame              Hex/Fire       ###.....     10%         3    ##.....
 Fireball                 Conj/Fire      ###.......   36%         5    #####..


Dungeon Overview and Level Annotations

Branches:
Dungeon (7/15)             Temple (1/1) D:7           Sewer (visited)

Altars:
Ashenzari
Cheibriados
Dithmenos
Elyvilon
Fedhas
Gozag
Hepliaklqana
Kikubaaqudgha
Nemelex Xobeh
Okawaru
Qazlal
Ru
Sif Muna
Trog
Uskayaw
Vehumet
Wu Jian
Xom
Yredelemnul
Zin
The Shining One

Annotations:
D:3 1 runed translucent door, Klatu's ghost, amateur HuEn


Innate Abilities, Weirdness & Mutations

You are too large for most types of armour.
You have tough skin. (AC +1)


Message History

A red film seems to cover your vision as you go berserk!
You feel yourself moving faster!
You feel mighty!
You are engulfed in a cloud of scalding steam.
The steam dragon burns!
The gnoll is engulfed in a cloud of scalding steam.
The gnoll barely misses you.
The gnoll is engulfed in a cloud of scalding steam.
The gnoll closely misses you. The steam dragon bites you!
* * * LOW HITPOINT WARNING * * *
The steam dragon closely misses you.
You slash the steam dragon!
The steam dragon is severely wounded.
You are engulfed in a cloud of scalding steam.
* * * LOW HITPOINT WARNING * * *
The steam dragon burns!
The gnoll is engulfed in a cloud of scalding steam.
The gnoll hits you with a +0 club.
* * * LOW HITPOINT WARNING * * *
The gnoll hits you from afar with a +0 halberd!
You die...

########## ####........#
..##.######..###
#..#.#### ..# ####
#.......######.. ...#
##.............# ... .
##..>..#######§##.# ...
#...§§.#######§§gg#<..>.
##.÷.........§.§@Dg.....
.#...#####...§#####...<.
.....# #.#### ... ##..##
#.# . .....#####.#
#......#...#
.#...#...#### # .
...#.##.....###.#..
#..#.##.###........


You could see a steam dragon (burning) and 3 gnolls.

Vanquished Creatures
  Harold (D:7)
  A hippogriff (D:7)
  Sigmund (D:2)
  An orc warrior (D:6)
  An ice beast (D:6)
  2 sky beasts
  An ogre (D:7)
  3 centaurs
  A crocodile (Sewer)
  A big kobold (D:7)
  4 bullfrogs
  A scorpion (D:7)
  A howler monkey (D:4)
  2 crimson imps
  4 orc priests (D:7)
  A jelly (D:6)
  4 orc wizards
  A bullfrog skeleton (D:5)
  2 centaur skeletons (D:4)
  2 iguanas (D:6)
  4 worker ants
  Robin (D:4)
  10 adders
  A shadow imp (D:7)
  An ooze (D:1)
  A worm (D:2)
  2 dart slugs
  7 leopard geckos
  18 orcs
  2 ball pythons
  3 giant cockroaches
  14 goblins
  9 hobgoblins
  2 jackals (Sewer)
  2 quokkas
  4 bats
  4 frilled lizards
  14 kobolds
  9 rats
143 creatures vanquished.

Notes
Turn   | Place    | Note
-------+----------+-------------------------------------------
     0 | D:1      | Bronimir the Ogre Fire Elementalist began the quest for the
                  | Orb.
     0 | D:1      | Reached XP level 1. HP: 16/16 MP: 3/3
   181 | D:1      | Reached skill level 1 in Conjurations
   229 | D:1      | Reached skill level 1 in Fighting
   229 | D:1      | Reached XP level 2. HP: 24/27 MP: 1/5
   377 | D:1      | Learned a level 2 spell: Throw Flame
   639 | D:1      | Reached XP level 3. HP: 12/33 MP: 0/6
  1255 | D:2      | Noticed Sigmund
  1261 | D:2      | Killed Sigmund
  1261 | D:2      | Reached XP level 4. HP: 13/42 MP: 1/9
  1261 | D:2      | Reached XP level 5. HP: 15/49 MP: 1/10
  1473 | D:2      | Learned a level 3 spell: Conjure Flame
  1478 | D:2      | Learned a level 4 spell: Sticky Flame
  1985 | D:2      | Reached skill level 1 in Polearms
  2217 | D:3      | Found a runed translucent door.
  2268 | D:3      | Found a sacrificial altar of Ru.
  2331 | D:3      | Noticed an angel
  2332 | D:3      | Found a shimmering altar of Xom.
  2334 | D:3      | Found a glowing silver altar of Zin.
  2381 | D:3      | Noticed Klatu's ghost (amateur HuEn)
  2438 | D:3      | Reached XP level 6. HP: 57/57 MP: 9/11
  2925 | D:4      | Found a glowing drain.
  2937 | Sewer    | Entered a sewer
  3688 | D:4      | Noticed Robin
  3702 | D:4      | Killed Robin
  3915 | D:4      | Reached XP level 7. HP: 22/66 MP: 2/13
  3936 | D:3      | HP: 2/66 [orc (5)]
  4399 | D:4      | Got a ripped robe
  4410 | D:4      | Identified the +2 robe "Winahud" {rN+ Str+2 Int+2} (You
                  | found it on level 4 of the Dungeon)
  4643 | D:4      | Found a blossoming altar of Fedhas.
  4762 | D:4      | Reached skill level 5 in Fire Magic
  5074 | D:5      | Entered Level 5 of the Dungeon
  5459 | D:5      | Reached skill level 1 in Shields
  5772 | D:5      | Found an ornate altar of the Wu Jian Council.
  6219 | D:5      | Found an ornate altar of the Wu Jian Council.
  6323 | D:6      | Reached XP level 8. HP: 68/75 MP: 6/15
  6385 | D:6      | Found a shattered altar of Ashenzari.
  6561 | D:6      | Reached skill level 5 in Spellcasting
  6857 | D:6      | Found a sparkling altar of Nemelex Xobeh.
  7611 | D:7      | Reached XP level 9. HP: 70/84 MP: 1/17
  7838 | D:7      | Found a staircase to the Ecumenical Temple.
  7850 | Temple   | Entered the Ecumenical Temple
  7952 | Temple   | Became a worshipper of Vehumet
  8130 | D:7      | Found a glowing golden altar of the Shining One.
  8151 | D:7      | Reached skill level 5 in Polearms
  8437 | D:7      | Noticed Harold
  8453 | D:7      | Killed Harold
  8453 | D:7      | Reached skill level 1 in Throwing
  8456 | D:7      | HP: 6/127 [steam dragon] (3)]
  8456 | D:7      | HP: 2/127 [gnoll/+0 club (4)]
  8456 | D:7      | Mangled by a gnoll

Levels and vault maps discovered:
D:1:      psy_arrival_radial02, layout_basic
D:2:      layout_loops_corners, first_ration, uniq_sigmund
D:3:      layout_rooms, grunt_temple_overflow_order_and_chaos_1,
          nicolae_ru_awakened_eye, ebering_ghost_sewer_d
D:4:      layout_rooms, fedhas_altar_fruit_tree, portal_sewer_entry_f,
          minmay_pentomino_pile, uniq_robin
D:5:      layout_loops_ring, kennysheep_mini_moat, lemuel_statue_altar
D:6:      layout_cave_pools, basic_altar, nemelex_spade_bored_becter
D:7:      layout_rooms, nicolae_tso_carved_into_rock,
          minmay_temple_entry_purple_smoke, serial_shops, shop, uniq_harold
Temple:   eino_temple_scatter_basement

Skill      XL: |  1  2  3  4  5  6  7  8  9 |
---------------+----------------------------+-----
Conjurations   | 1 2 3 4 |  4.4
Fighting       | 1 2 3 4 |  4.4
Fire Magic     | 3 4 5 6 |  6.0
Dodging        | 2 3 4 |  4.7
Spellcasting   | 3 4 5 6 |  6.2
Polearms       | 1 2 4 5 |  5.7
Shields        | 1 2 3 |  3.1
Throwing       | 1 |  1.1
Short Blades   | |  0.1
Stealth        | |  1.4

Action                   |  1- 3 |  4- 6 |  7- 9 || total
-------------------------+-------+-------+-------++-------
Melee: Short sword       |    10 |       |       ||    10
       Spear             |    15 |       |       ||    15
       Scythe            |       |    39 |   148 ||   187
Throw: Boomerang         |       |       |    16 ||    16
 Cast: Flame Tongue      |    30 |   107 |    20 ||   157
       Sticky Flame      |       |       |    46 ||    46
  Use: Potion            |       |       |     4 ||     4
 Stab: Sleeping          |       |       |     2 ||     2
       Distracted        |       |       |     1 ||     1
  Eat: Chunk             |     1 |     8 |    16 ||    25
       Ration            |       |       |     2 ||     2
Armor: Robe              |    11 |    52 |   119 ||   182
Dodge: Dodged            |    13 |   100 |   204 ||   317
